 Dungeon Crawl Stone Soup version 0.21.1-1-g345015f (webtiles) character file.

25 pk666 the Magician (level 2, 0/15 HPs)
             Began as a Deep Elf Wizard on Feb 13, 2018.
             Slain by a hound (6 damage)
             ... on level 1 of the Dungeon.
             The game lasted 00:02:12 (1323 turns).

pk666 the Magician (Deep Elf Wizard)                Turns: 1323, Time: 00:02:13

Health: 0/15       AC:  3    Str:  4    XL:     2   Next: 86%
Magic:  1/9        EV: 13    Int: 22    God:
Gold:   84         SH:  0    Dex: 13    Spells: 9/10 levels left

rFire    . . .     SeeInvis .   i - +0 dagger
rCold    . . .     Gourm    .   (no shield)
rNeg     . . .     Faith    .   a - +0 robe
rPois    .         Spirit   .   b - +0 hat
rElec    .         Reflect  .   (no cloak)
rCorr    .         Harm     .   (no gloves)
MR       .....                  h - +0 pair of boots (curse)
Stlth    ++........             (no amulet)
HPRegen  0.05/turn              (no ring)
MPRegen  0.11/turn              (no ring)

@: no status effects
A: no striking features
a: no special abilities


You were on level 1 of the Dungeon.
You were not hungry.

You visited 1 branch of the dungeon, and saw 2 of its levels.

You collected 84 gold pieces.

Inventory:

Hand Weapons
 i - a +0 dagger (weapon)
Armour
 a - a +0 robe (worn)
 b - a +0 hat (worn)
 h - a cursed +0 pair of boots (worn)
Jewellery
 j - an uncursed amulet of regeneration {unknown}
Scrolls
 g - a scroll of magic mapping {unknown}
 m - a scroll of identify {unknown}
Potions
 e - a potion of curing {unknown}
 k - a potion of agility {unknown}
 l - a potion of brilliance {unknown}
Books
 c - a book of Minor Magic

   Spells                             Type                      Level
   a - Magic Dart                     Conjuration                  1
   b - Blink                          Translocation                2
   c - Call Imp                       Summoning                    2
   d - Slow                           Hexes                        2
   e - Conjure Flame                  Conjuration/Fire             3
   f - Mephitic Cloud                 Conjuration/Poison/Air       3
Comestibles
 d - 3 rations


   Skills:
 + Level 3.1 Dodging
 - Level 2.4 Stealth
 + Level 4.9 Spellcasting
 + Level 2.0 Conjurations
   Level 1.1 Summonings
   Level 1.1 Translocations


You had 9 spell levels left.
You knew the following spells:

 Your Spells              Type           Power        Failure   Level  Hunger
a - Magic Dart            Conj           ##..         4%          1    None


Dungeon Overview and Level Annotations

Branches:
Dungeon (2/15)

Altars:
Gozag
Trog
Xom
Yredelemnul
The Shining One


Message History

Confirm with . or Enter, or press ? or * to list all spells.
Aiming: Magic Dart
Press: ? - help, Shift-Dir - straight line, f - hound
Aim: a hound The magic dart hits the hound.
The hound is lightly wounded.
Casting: Magic Dart
Confirm with . or Enter, or press ? or * to list all spells.
You don't have enough magic to cast that spell.
The hound bites you.
A sky beast comes into view.
The hound closely misses you. The hound barely misses you.
There is a stone staircase leading up here.
The hound bites you.
You climb upwards.
There is a stone staircase leading down here.
The hound bites you. The hound bites you.
You die...

.#########....####.........####..
## #.#.## ##.......## ##. ##.###
##.....## ## #..# ##...## #.##
##'## #.# #.# #.######### #.#
#.........# ##.##
#.......@.###...#########
#......##h##.....#.......
##.###.##.###...##.######
#.###.##>####.###.#
#.................#
#........####.##### ##########
#.# ####### #.# #.....#######.#


You could see a hound.

Vanquished Creatures
  A worm (D:2)
  2 leopard geckos (D:1)
  2 goblins (D:1)
  4 hobgoblins (D:1)
  3 bats (D:1)
  4 frilled lizards (D:1)
  3 kobolds (D:1)
  2 rats (D:1)
21 creatures vanquished.

Notes
Turn   | Place    | Note
-------+----------+-------------------------------------------
     0 | D:1      | pk666 the Deep Elf Wizard began the quest for the Orb.
     0 | D:1      | Reached XP level 1. HP: 10/10 MP: 7/7
   328 | D:1      | Reached XP level 2. HP: 13/15 MP: 1/9
   919 | D:1      | Found a white marble altar of Elyvilon.
   921 | D:1      | Found a shimmering altar of Xom.
   921 | D:1      | Found a glowing golden altar of the Shining One.
   923 | D:1      | Found an opulent altar of Gozag.
   923 | D:1      | Found a bloodstained altar of Trog.
   923 | D:1      | Found a basalt altar of Yredelemnul.
  1315 | D:2      | Noticed a sky beast
  1323 | D:1      | Slain by a hound

Skill      XL: |  1  2 |
---------------+-------+-----
Dodging        | 3 |  3.1
Conjurations   | 2 |  2.0
Stealth        | |  2.4
Spellcasting   | |  4.9
Summonings     | |  1.1
Translocations | |  1.1

Action                   || total
-------------------------++-------
 Cast: Magic Dart        ||    51
  Eat: Chunk             ||     1
Armor: Robe              ||     1
Dodge: Dodged            ||    10
